 Dungeon Crawl Stone Soup version 0.30-a0-23-ge60ba3568b (webtiles) character file.

Game seed: 17335333234873381910

23 SensoryNuts the Trooper (level 2, 0/33 HPs)
             Began as an Ogre Fighter on Aug 25, 2022.
             Slain by an adder (3 damage)
             ... on level 2 of the Dungeon.
             The game lasted 00:01:12 (452 turns).

SensoryNuts the Trooper (Ogre Fighter)               Turns: 452, Time: 00:01:13

Health: 0/33       AC:  3    Str: 19    XL:     2   Next: 95%
Magic:  2/2        EV:  8    Int:  9    God:
Gold:   12         SH:  7    Dex:  8    Spells: 1/1 levels left

rFire   . . .      SeeInvis .    a - +0 flail
rCold   . . .      Faith    .    c - +0 kite shield
rNeg    . . .      Spirit   .    b - +0 robe
rPois   .          Reflect  .    (helmet restricted)
rElec   .          Harm     .    (no cloak)
rCorr   .          Rampage  .    (gloves unavailable)
Will    .....                    (boots unavailable)
Stlth   +.........               (no amulet)
HPRegen 0.11/turn                (no ring)
MPRegen 0.08/turn                (no ring)

@: lethally poisoned (0 -> -4)
A: large, unfitting armour, tough skin 1
a: no special abilities


You were on level 2 of the Dungeon.
You visited 1 branch of the dungeon, and saw 2 of its levels.

You collected 12 gold pieces.

Inventory:

Hand Weapons
 a - a +0 flail (weapon)
Armour
 b - a +0 robe (worn)
 c - a +0 kite shield (worn)
Scrolls
 e - 2 scrolls of identify {unknown}
 f - a scroll of butterflies {unknown}
Potions
 d - a potion of might


   Skills:
 + Level 4.5 Fighting
 * Level 2.0 Maces & Flails
 + Level 3.1 Dodging
 + Level 3.2 Shields


You had one spell level left.
You didn't know any spells.
Your spell library was empty.

Dungeon Overview and Level Annotations

Branches:
Dungeon (1/15)

Altars:


Innate Abilities, Weirdness & Mutations

You are too large for most types of armour.
You have tough skin. (AC +1)


Message History

You hit the adder.
The adder is lightly wounded.
The adder barely misses you. You block the adder's attack.
You closely miss the adder.
The adder is lightly wounded.
The adder bites you.
* * * LOW HITPOINT WARNING * * *
You are poisoned.
The adder poisons you! The adder barely misses you.
You barely miss the adder.
The adder is lightly wounded.
* * * LOW HITPOINT WARNING * * *
You feel sick. You block the adder's attack. The adder bites you.
* * * LOW HITPOINT WARNING * * *
You barely miss the adder.
The adder is lightly wounded.
* * * LOW HITPOINT WARNING * * *
You feel sick. You block the adder's attack. The adder bites you.
* * * LOW HITPOINT WARNING * * *
Unknown command.
It was a potion of curing.
You feel better. You block the adder's attack.
You closely miss the adder. The adder bites you.
* * * LOW HITPOINT WARNING * * *
You block the adder's attack.
You hit the adder.
The adder is moderately wounded.
The adder bites you but does no damage.
You barely miss the adder.
The adder is moderately wounded.
The adder bites you but does no damage. The adder bites you.
* * * LOW HITPOINT WARNING * * *
You are lethally poisoned!
The adder poisons you!
You hit the adder.
The adder is heavily wounded.
* * * LOW HITPOINT WARNING * * *
You feel sick. The adder bites you.
* * * LOW HITPOINT WARNING * * *
The adder bites you.
You die...

#.# #.#.#..######## #.#
#.#.#..........# #.#
#.#.#.########.#
#.########.#.#........#.#
#..........#.#.######.#.#
############.#........#.#
########.#.#.########.#
#........#.#.########.# #....#
#@#.#...)......# #....#
#S#.######....## #....# #.#.###
#....# #########)...###.....#
#....# .............$.....#.#
#....+
....................>####...†#
...............†####†#.....#.....
................# #...###.#.....
................# #+### #.#.....


You could see an adder.

Vanquished Creatures
  An adder (D:2)
  A worm (D:2)
  An orc (D:2)
  A ball python (D:2)
  A bat (D:2)
  A quokka (D:2)
  A frilled lizard (D:2)
  2 goblins (D:2)
  A kobold (D:2)
  A rat (D:2)
11 creatures vanquished.

Notes
Turn   | Place    | Note
-------+----------+-------------------------------------------
     0 | D:1      | SensoryNuts the Ogre Fighter began the quest for the Orb.
     0 | D:1      | Reached XP level 1. HP: 24/24 MP: 1/1
     9 | D:1      | You fall into a shaft and drop 1 floor!
    77 | D:2      | Reached XP level 2. HP: 15/32 MP: 2/2
   452 | D:2      | Slain by an adder

Illustrated notes

Levels and vault maps discovered:
D:1:      tarquinn_simple_flora_water_b, layout_basic,
          dreamdust_ecumenical_altar_sealed_demon
D:2:      layout_basic

Skill      XL: |  1  2 |
---------------+-------+-----
Maces & Flails | 2 |  2.0
Dodging        | 3 |  3.1
Fighting       | |  4.5
Shields        | |  3.2

Action                   || total
-------------------------++-------
Melee: Flail             ||    53
  Use: Potion            ||     1
Armor: Robe              ||    17
Dodge: Dodged            ||    19
Block: Kite shield       ||    27

Table legend: (Time is in decaauts)
 A = Elapsed time spent in this place.
 B = Non-inter-level travel time spent in this place.
 C = Inter-level travel time spent in this place.
 D = Time resting spent in this place.
 E = Time spent auto-exploring this place.
 F = Levels seen in this place.
 G = Mean time per level.
                   A        B        C        D        E       F      G
               +--------+--------+--------+--------+--------+-----+--------+
         Total |    474 |    474 |      0 |      6 |    322 |   2 |  237.0 |
       Dungeon |    474 |    474 |      0 |      6 |    322 |   2 |  237.0 |
               +--------+--------+--------+--------+--------+-----+--------+

Top non-repeatable levels by time:
     D:2: 465 daAuts
     D:1: 9 daAuts
